AoeStats
← LWwcnm

Pilgrims

510090117Analyzed
4v4 RM · 1d ago on Sep 29, 2026· 62m 13s· 8 players
Game mode
Random Map
Map size
Large (8 player)
Population
200
Speed
Normal
Resources
Standard
Victory
Conquest
Starting age
Dark Age
Ending age
Imperial Age
RankedLock teamsTeams togetherTeam positionsShared explorationLock speedFull tech treeHidden civsTurbo modeCheats
Victory
Defeat
🇨🇳 Italians · China
1044
+14
🇨🇳 Magyars · China
1036
+14
🇯🇵 Armenians · Japan
1000
+16
🇷🇺 Danes · Russia
974
+17
🇧🇷 Cumans · Brazil
1072
-18
🇵🇱 Japanese · Poland
1034
-17
🇦🇷 Vietnamese · Argentina
935
-13
🇮🇳 Vikings · India
933
-13
LWwcnm
10:46 Feudal Age
12:26 Man-at-Arms
14:25 Fishing Lines
15:56 Fletching
20:54 Castle Age
18:40 Long Swordsman
21:23 Loom
22:50 Medium Warships
24:39 Wheelbarrow
24:01 Bodkin Arrow
24:30 Gillnets
25:45 Gold Mining
27:01 Hand Cart
27:59 Town Watch
27:56 Horse Collar
28:57 Heavy Plow
29:19 Stone Mining
29:18 Double-Bit Axe
31:19 Bow Saw
33:22 Ballistics
35:59 Imperial Age
33:06 Two-Handed Swordsman
33:33 Gambesons
36:04 Cilician Fleet
38:12 Conscription
39:02 Gold Shaft Mining
40:08 Chemistry
39:28 Clinker Construction
39:21 Bracer
39:21 Padded Archer Armor
38:47 Champion
39:28 Squires
39:14 Arson
38:58 Capped Ram
40:29 Fereters
40:23 Treadmill Crane
41:24 Heavy Warships
41:19 Leather Archer Armor
43:07 Ring Archer Armor
42:38 Scale Mail Armor
42:49 Forging
45:34 Chain Mail Armor
45:54 Iron Casting
45:43 Pikeman
46:59 Plate Mail Armor
48:36 Blast Furnace
51:26 Hoardings
61:54 Carvel Hull
61:44 Careening
61:55 Halberdier
流氓猪
7:57 Loom
12:50 Feudal Age
18:28 Castle Age
17:09 Wheelbarrow
17:38 Bloodlines
18:12 Fletching
18:15 Double-Bit Axe
18:15 Horse Collar
19:19 Padded Archer Armor
21:42 Husbandry
22:37 Bodkin Arrow
29:29 Leather Archer Armor
32:42 Scale Barding Armor
33:00 Bow Saw
36:44 Ballistics
37:16 Chain Barding Armor
37:15 Corvinian Army
41:42 Imperial Age
39:28 Hand Cart
39:38 Scale Mail Armor
42:03 Murder Holes
42:01 Cavalier
43:49 Light Cavalry
46:22 Fishing Lines
47:40 Gillnets
59:16 Heavy Plow
60:19 Caravan
63:02 Crop Rotation
Artem
3:48 Loom
11:22 Feudal Age
12:03 Double-Bit Axe
13:33 Horse Collar
16:34 Castle Age
15:39 Stone Mining
15:41 Gold Mining
16:10 Town Watch
18:09 Heavy Plow
23:54 Bow Saw
26:07 Forging
28:08 Wheelbarrow
28:12 Scale Mail Armor
29:30 Iron Casting
29:16 Arson
29:32 Squires
29:18 Gambesons
30:19 Chain Mail Armor
31:18 Hamask
41:28 Imperial Age
40:15 Ballistics
40:48 Gold Shaft Mining
43:09 Blast Furnace
42:41 Plate Mail Armor
43:45 Chemistry
43:09 Conscription
43:20 Elite Jomsviking
43:49 Northmen's Fury
44:07 Onager
45:16 Siege Engineers
47:17 Siege Onager
54:02 Hand Cart
白爪猫
4:55 Loom
12:57 Feudal Age
13:38 Double-Bit Axe
13:56 Fishing Lines
14:30 Gold Mining
21:37 Castle Age
22:16 Wheelbarrow
22:14 Fletching
23:12 Medium Warships
23:53 Gillnets
25:18 Hand Cart
30:58 Imperial Age
28:36 Horse Collar
29:49 Bodkin Arrow
29:55 Padded Archer Armor
32:41 Bow Saw
34:14 Chemistry
33:35 Ballistics
33:40 Conscription
34:41 Pirotechnia
35:54 Bracer
36:10 Leather Archer Armor
41:42 Ring Archer Armor
40:54 Elite Skirmisher
41:40 Thumb Ring
KIELE_PL
4:06 Loom
11:39 Feudal Age
20:48 Castle Age
18:49 Double-Bit Axe
18:54 Horse Collar
24:02 Wheelbarrow
23:12 Town Watch
25:02 Hand Cart
25:12 Bow Saw
26:40 Squires
26:25 Arson
27:15 Heavy Plow
28:11 Gold Mining
32:48 Imperial Age
33:32 Forging
33:23 Scale Mail Armor
33:14 Fletching
34:13 Conscription
35:13 Iron Casting
34:14 Elite Samurai
35:01 Stone Mining
35:49 Gold Shaft Mining
36:46 Two-Man Saw
36:19 Chain Mail Armor
38:46 Blast Furnace
39:59 Plate Mail Armor
40:25 Hoardings
41:01 Caravan
49:33 Bodkin Arrow
53:34 Gambesons
53:09 Man-at-Arms
54:25 Long Swordsman
55:10 Two-Handed Swordsman
56:00 Champion
Ratman
9:54 Loom
14:14 Feudal Age
15:23 Town Watch
19:35 Castle Age
17:56 Stone Mining
21:27 Double-Bit Axe
29:25 Fletching
30:48 Wheelbarrow
34:02 Bodkin Arrow
xX_Miliano_Xx
13:11 Feudal Age
15:52 Wheelbarrow
15:01 Horse Collar
15:10 Double-Bit Axe
16:28 Gold Mining
17:21 Loom
18:42 Padded Archer Armor
25:18 Fletching
27:13 Scale Mail Armor
27:17 Stone Mining
31:30 Castle Age
31:01 Forging
31:40 Crossbowman
31:42 Capped Ram
32:44 Leather Archer Armor
33:18 Pikeman
33:56 Bodkin Arrow
35:09 Gold Shaft Mining
34:49 Heavy Plow
36:54 Chain Mail Armor
40:17 Hand Cart
40:17 Bow Saw
42:44 Thumb Ring
44:48 Squires
44:15 Elite Skirmisher
48:06 Imperial Age
48:02 Iron Casting
49:23 Conscription
48:26 Halberdier
49:48 Plate Mail Armor
50:49 Imperial Skirmisher
52:07 Ring Archer Armor
52:56 Two-Man Saw
iamlegolas312
3:40 Loom
10:59 Feudal Age
11:45 Fishing Lines
12:13 Double-Bit Axe
14:32 Gold Mining
15:21 Fletching
15:32 Padded Archer Armor
15:42 Stone Mining
18:50 Castle Age
19:25 Gillnets
19:46 Medium Warships
19:54 Medium Warships
19:35 Town Watch
20:03 Bow Saw
26:26 Horse Collar
26:22 Crossbowman
29:02 Leather Archer Armor
29:07 Heavy Plow
34:52 Imperial Age
32:58 Bodkin Arrow
35:26 Elite Varangian Guard
37:46 Arbalester
37:47 Elite Skirmisher
38:50 Leather Archer Armor
38:41 Bracer
39:00 Squires
39:49 Gold Shaft Mining
40:27 Conscription
40:31 Ballistics
40:52 Forging
42:47 Iron Casting
42:28 Leather Archer Armor
42:53 Leather Archer Armor
44:48 Masonry
46:41 Blast Furnace
46:49 Two-Man Saw
46:28 Crop Rotation
46:37 Hoardings
46:38 Architecture
48:15 Ring Archer Armor
47:46 Scale Mail Armor
49:40 Chemistry
49:34 Elite Skirmisher
51:05 Chain Mail Armor
51:06 Imperial Skirmisher
51:29 Pikeman
53:41 Arson
57:54 Bogsveigar
58:38 Man-at-Arms
Connection lost

Rejoining the realm…

Still unreachable

The connection could not be restored.

Session expired

The server has moved on; the page needs a fresh start.